 Dungeon Crawl Stone Soup version 0.17-a0-1920-gafa4d75 (webtiles) character file.

3308 kosy22 the Nimble (level 9, -1/78 HPs)
             Began as a Minotaur Fighter on Sept 27, 2015.
             Was a Believer of Elyvilon.
             Killed from afar by Erica (19 damage)
             ... with an orb of energy
             ... on level 8 of the Dungeon.
             The game lasted 00:29:17 (9433 turns).

kosy22 the Nimble (Minotaur Fighter)                Turns: 9433, Time: 00:29:18

Health: -1/78      AC: 19    Str: 24    XL:     9   Next: 70%
Magic:  8/8        EV: 10    Int:  5    God:    Elyvilon [**....]
Gold:   446        SH: 11    Dex: 10    Spells: 0 memorised, 8 levels left

rFire  . . .     SeeInvis .     j - +2 short sword (protect)
rCold  . . .     Clarity  .     t - +0 chain mail
rNeg   . . .     SustAt   +     c - +0 shield
rPois  .         Gourm    .     (helmet restricted)
rElec  .         Spirit   .     g - +1 cloak
rCorr  .         Warding  .     (no gloves)
rMut   .         Stasis   .     f - +0 pair of boots
MR     .....                    (no amulet)
Stlth  ..........               (no ring)
                                y - ring of sustain attributes

@: lethally poisoned (-1 -> -7), not resistant to hostile enchantments,
extremely unstealthy
A: retaliatory headbutt, fangs 1, horns 2
a: Lesser Healing, Divine Protection, Heal Other, Renounce Religion


You were on level 8 of the Dungeon.
You worshipped Elyvilon.
Elyvilon was pleased with you.
You were full.

You visited 2 branches of the dungeon, and saw 9 of its levels.

You collected 446 gold pieces.

Inventory:

Hand weapons
 a - a +0 war axe
 j - a +2 short sword of protection (weapon)
 n - a cursed +0 whip
 s - a cursed -2 dagger
 u - a +0 long sword of holy wrath
 x - a cursed -1 dagger
Armour
 b - a +1 scale mail
 c - a +0 shield (worn)
 f - a +0 pair of boots (worn)
 g - a +1 cloak (worn)
 t - a +0 chain mail (worn)
Jewellery
 y - a ring of sustain attributes (left hand)
Magical devices
 l - a wand of digging (4)
 p - a wand of confusion (48)
 w - a wand of enslavement (13)
 A - a wand of random effects (10)
Scrolls
 d - 2 scrolls of identify
 m - a scroll of remove curse
 o - 2 scrolls of teleportation
 r - a scroll of recharging
Potions
 e - a potion of berserk rage {unknown}
 q - a potion of curing
 v - 2 potions of heal wounds
 z - 2 potions of might
Comestibles
 h - a meat ration
 i - a slice of pizza
 k - a beef jerky


   Skills:
 + Level 6.6 Fighting
 + Level 4.6 Short Blades
 + Level 2.7 Axes
 + Level 8.3 Armour
 + Level 8.7 Dodging
 + Level 1.2 Stealth
 + Level 8.5 Shields
 + Level 0.4 Invocations


You had 8 spell levels left.
You didn't know any spells.

Dungeon Overview and Level Annotations

Branches:
Dungeon (8/15)             Temple (1/1) D:7
   Lair: D:8-11

Altars:
Ashenzari
Cheibriados
Dithmenos
Elyvilon
Fedhas
Gozag
Kikubaaqudgha
Makhleb
Nemelex Xobeh
Okawaru
Qazlal
Ru
Sif Muna
Trog
Vehumet
Xom
Yredelemnul
Zin
The Shining One
Lugonu

Shops:
D:7 }

Annotations:
D:8 Erica, Maurice


Innate Abilities, Weirdness & Mutations

You reflexively headbutt those who attack you in melee.
You have a pair of horns on your head.
You have very sharp teeth.


Message History

The worker ant bites you but does no damage.
Something hits you. Something burns you.
You barely miss the worker ant. You headbutt the worker ant.
You kill the worker ant!
You feel sick. You block its attack.
You feel sick. Something hits you. Something burns you.
* * * LOW HITPOINT WARNING * * *
You hear some strange, mumbled words.
You see here a worker ant corpse.
You hit something. Your headbutt misses something.
You feel sick. Something hits you.
* * * LOW HITPOINT WARNING * * *
Something burns you.
* * * LOW HITPOINT WARNING * * *
You barely miss something.
You feel sick. Something hits you but does no damage.
You hear some strange, mumbled words.
An orb of energy appears from out of thin air!
The orb of energy hits you!
You die...

########## #
#........# ..
#........# ...
###........##...
..'.........'..
#.....{..##
#....@...#
#.######.# #<# #.#
#.# #.# #.# #.# #.#
#.############# #.#
#..............
#.##################
#........#


There were no monsters in sight!

Vanquished Creatures
  Grinder (D:4)
  Sigmund (D:6)
  A deep elf mage (D:5)
  Eustachio (D:5)
  Menkaure (D:4)
  Edmund (D:4)
  A black bear (D:6)
  2 ogres
  3 centaurs
  2 ice beasts
  3 giant frogs
  3 scorpions
  4 crimson imps
  8 wights (D:6)
  2 hounds
  A jelly (D:5)
  2 orc wizards (D:4)
  2 centaur skeletons (D:6)
  An iguana (D:4)
  2 orc priests
  A quasit (D:6)
  Natasha (D:2)
  7 worker ants
  8 gnolls
  11 adders
  2 oozes
  4 adder skeletons
  5 giant geckos
  14 orcs
  A goblin (D:1)
  10 hobgoblins
  7 kobolds
  8 bats
  5 giant cockroaches
  A giant gecko skeleton (D:6)
  5 giant newts
  4 jackals
  2 quokkas
  2 quokka skeletons
  10 rats
150 creatures vanquished.

Vanquished Creatures (others)
  A deep elf mage (D:6)
  A scorpion (D:6)
  A quokka (D:6)
3 creatures vanquished.

Grand Total: 153 creatures vanquished

Notes
Turn   | Place    | Note
--------------------------------------------------------------
     0 | D:1      | kosy22 the Minotaur Fighter began the quest for the Orb.
     0 | D:1      | Reached XP level 1. HP: 19/19 MP: 0/0
   254 | D:1      | Reached skill level 4 in Fighting
   307 | D:1      | Reached XP level 2. HP: 27/27 MP: 1/1
  1231 | D:1      | Reached XP level 3. HP: 31/33 MP: 2/2
  1580 | D:2      | Reached skill level 1 in Dodging
  1966 | D:2      | Reached XP level 4. HP: 40/40 MP: 3/3
  2188 | D:2      | Noticed Natasha
  2201 | D:2      | Killed Natasha
  2600 | D:4      | Reached XP level 5. HP: 32/47 MP: 4/4
  2764 | D:4      | Noticed Edmund
  2786 | D:4      | Killed Edmund
  2786 | D:4      | Reached skill level 1 in Short Blades
  2829 | D:4      | Noticed an ogre
  2844 | D:4      | Killed an ogre
  2844 | D:4      | Reached skill level 5 in Armour
  2844 | D:4      | Reached XP level 6. HP: 13/53 MP: 5/5
  3204 | D:4      | Reached skill level 5 in Shields
  3383 | D:4      | Found a sparkling altar of Nemelex Xobeh.
  3386 | D:4      | Found a stormy altar of Qazlal.
  3389 | D:4      | Found an ancient bone altar of Kikubaaqudgha.
  3389 | D:4      | Found a radiant altar of Vehumet.
  3395 | D:4      | Found a snail-covered altar of Cheibriados.
  3650 | D:4      | Reached XP level 7. HP: 49/60 MP: 6/6
  3702 | D:4      | Noticed Menkaure
  3717 | D:4      | Killed Menkaure
  3717 | D:4      | Reached skill level 5 in Dodging
  4419 | D:4      | Found a deep blue altar of Sif Muna.
  4502 | D:4      | Noticed Grinder
  4518 | D:4      | Paralysed by Grinder for 5 turns
  4531 | D:4      | Killed Grinder
  4531 | D:4      | Reached skill level 5 in Fighting
  4531 | D:4      | Reached skill level 6 in Armour
  4763 | D:5      | Entered Level 5 of the Dungeon
  4952 | D:5      | Reached XP level 8. HP: 49/68 MP: 7/7
  4992 | D:5      | Found a white marble altar of Elyvilon.
  5029 | D:5      | Became a worshipper of Elyvilon the Healer
  5153 | D:5      | Noticed Eustachio
  5183 | D:5      | Gained mutation: You have very sharp teeth. [potion of beneficial mutation]
  5188 | D:5      | Reached skill level 1 in Stealth
  5209 | D:5      | Killed Eustachio
  5209 | D:5      | Reached skill level 7 in Armour
  5722 | D:5      | Noticed a deep elf mage
  5735 | D:5      | Killed a deep elf mage
  6587 | D:6      | Found a white marble altar of Elyvilon.
  6741 | D:6      | Acquired Elyvilon's first power
  6747 | D:6      | Reached XP level 9. HP: 24/75 MP: 8/8
  7155 | D:6      | Noticed Sigmund
  7186 | D:6      | Killed Sigmund
  7602 | D:6      | Found a white marble altar of Elyvilon.
  7602 | D:6      | Found a glowing golden altar of the Shining One.
  7602 | D:6      | Found a glowing silver altar of Zin.
  7853 | D:6      | Reached skill level 8 in Dodging
  7903 | D:6      | Found a shadowy altar of Dithmenos.
  7929 | D:6      | Found a burning altar of Makhleb.
  8464 | D:7      | Found a blossoming altar of Fedhas.
  8521 | D:7      | Found a staircase to the Ecumenical Temple.
  8533 | Temple   | Entered the Ecumenical Temple
  8541 | Temple   | Acquired Elyvilon's second power
  8767 | D:7      | Found an iron altar of Okawaru.
  8885 | D:7      | Found Pofaph's Gadget Shop.
  9167 | D:8      | Noticed Maurice
  9412 | D:8      | Noticed Erica
  9433 | D:8      | Killed from afar by Erica

Vault maps used:
D:1:      minmay_arrival_wavy_path
D:2:      uniq_natasha
D:3:      first_bread
D:4:      led_sif_book, grunt_temple_overflow_open, cheibriados_altar_1,
          kennysheep_nondescript, uniq_edmund, uniq_menkaure, uniq_grinder
D:5:      basic_altar, kennysheep_generic_room_2, uniq_eustachio
D:6:      good_gods_mini_temple, grunt_dithmenos_smoke_and_mirrors,
          bloody_makhleb, elyvilon_altar_4, uniq_sigmund
D:7:      kennysheep_mini_moat, minmay_temple_entry_purple_smoke, basic_altar,
          serial_shops, nicolae_shop_crystal
D:8:      fedhas_altar_3, uniq_maurice, uniq_erica
Temple:   corrupted_temple

Action                   |  1- 3 |  4- 6 |  7- 9 || total
-------------------------+-------+-------+-------++-------
Melee: War axe           |    53 |       |       ||    53
       Short sword       |    65 |   111 |   486 ||   662
Invok: Lesser Healing    |       |       |     3 ||     3
       Divine Protection |       |       |     2 ||     2
Evoke: Wand              |       |     1 |     2 ||     3
  Use: Scroll            |     8 |     2 |     8 ||    18
       Potion            |     2 |     2 |     6 ||    10
  Eat: Bread ration      |     1 |     1 |     2 ||     4
       Chunk             |       |     1 |     1 ||     2
       Meat ration       |       |       |     2 ||     2
       Beef jerky        |       |       |     2 ||     2
